 Dungeon Crawl Stone Soup version 0.30-a0-782-ge64f9170bb (webtiles) character file.

Game seed: 337782514523771367

3866 Leeroy the Carver (level 10, -8/67 HPs)
             Began as a Merfolk Gladiator on Feb 22, 2023.
             Was a Follower of Wu Jian.
             Mangled by a yak (11 damage)
             ... on level 8 of the Dungeon.
             The game lasted 00:08:10 (7146 turns).

Leeroy the Carver (Merfolk Gladiator)               Turns: 7146, Time: 00:08:11

Health: -8/67      AC:  5    Str: 15    XL:     10   Next: 19%
Magic:  10/10      EV: 18    Int: 10    God:    Wu Jian [*.....]
Gold:   422        SH:  0    Dex: 17    Spells: 9/9 levels left

rFire   + . .      SeeInvis .    E - +7 long sword "Vimocule" {freeze, Stlth+}
rCold   x . .      Faith    .    (no shield)
rNeg    . . .      Spirit   .    b - +0 leather armour
rPois   .          Reflect  .    c - +0 helmet
rElec   .          Harm     .    (no cloak)
rCorr   +          Rampage  .    C - +0 pair of gloves
Will    .....                    (no boots)
Stlth   ++                       i - amulet of regeneration
HPRegen 1.11/turn                L - ring of resist corrosion
MPRegen 0.12/turn                G - ring of fire

@: no status effects
A: (nimble swimmer 2), mertail
a: Renounce Religion


You were on level 8 of the Dungeon.
You worshipped Wu Jian.
Wu Jian was aware of your devotion.
You visited 2 branches of the dungeon, and saw 9 of its levels.
You also visited: Ossuary.

You collected 422 gold pieces.

Inventory:

Hand Weapons
 a - a +0 long sword
 E - the +7 long sword "Vimocule" (weapon) {freeze, Stlth+}
   (You found it on level 4 of the Dungeon)

   Stlth:     It makes you more stealthy.
 R - a +0 short sword of venom
Missiles
 d - 5 throwing nets (quivered)
 e - a javelin
Armour
 b - a +0 leather armour (worn)
 c - a +0 helmet (worn)
 C - a +0 pair of gloves (worn)
 F - a +2 kite shield
Magical Staves
 l - a staff of poison
Jewellery
 i - an amulet of regeneration (around neck)
 x - a ring of ice
 G - a ring of fire (right hand)
 L - a ring of resist corrosion (left hand)
 M - a ring of wizardry
 Q - a +6 ring of intelligence
Wands
 u - a wand of digging (1)
 w - a wand of flame (8)
 N - a wand of acid (12)
 O - a wand of charming (9)
Scrolls
 g - 5 scrolls of teleportation
 k - a scroll of brand weapon
 p - 4 scrolls of noise
 s - a scroll of enchant armour {unknown}
 t - a scroll of butterflies {unknown}
 y - a scroll of fog {unknown}
 D - 2 scrolls of identify
 H - a scroll of acquirement {unknown}
 I - 2 scrolls of magic mapping {unknown}
 K - a scroll of vulnerability {unknown}
Potions
 f - 2 potions of heal wounds {unknown}
 h - a potion of haste {unknown}
 j - 4 potions of resistance
 m - 3 potions of flight {unknown}
 n - a potion of degeneration {unknown}
 q - a potion of berserk rage {unknown}
 r - a potion of might {unknown}
 v - 3 potions of magic {unknown}
 A - 2 potions of invisibility {unknown}
 B - 3 potions of brilliance {unknown}
 J - a potion of cancellation {unknown}
 P - a potion of attraction {unknown}


   Skills:
 - Level 2.1 Fighting
 - Level 14.1 Long Blades
 - Level 2.0 Throwing
 + Level 11.8 Dodging


You had 9 spell levels left.
You didn't know any spells.
Your spell library contained the following spells:

 Spells                   Type           Power      Damage    Failure   Level
 Apportation              Tloc           0%         N/A       43%         1
 Foxfire                  Conj/Fire      0%         2x1d4     43%         1
 Kiss of Death            Conj/Necr      0%         2d5       43%         1
 Sting                    Tmut/Pois      0%         1d3       43%         1
 Lesser Beckoning         Tloc           0%         N/A       56%         2
 Confusing Touch          Hex            0%         N/A       80%         3
 Gell's Gravitas          Tloc           0%         N/A       80%         3
 Hailstorm                Conj/Ice       0%         3d3       80%         3
 Teleport Other           Tloc           0%         N/A       80%         3
 Dispel Undead            Necr           0%         3d6       99%         4
 Ice Form                 Ice/Tmut       0%         N/A       99%         4
 Simulacrum               Ice/Necr       0%         N/A       100%        6


Dungeon Overview and Level Annotations

Branches:
Dungeon (8/15)             Temple (1/1) D:5         Ossuary (visited)
   Lair: D:8-11

Altars:
Ashenzari
Dithmenos
Fedhas
Gozag
Hepliaklqana
Nemelex Xobeh
Qazlal
Ru
Sif Muna
Trog
Vehumet
Wu Jian
Xom
Yredelemnul
Zin
The Shining One

Shops:
D:4 :

Annotations:
D:3 tilp's ghost, weakling MeFi


Innate Abilities, Weirdness & Mutations

((You are very nimble when in or above water. (Stealth+, EV+, Speed+++)))
Your lower body shifts to a powerful aquatic tail in water.


Message History

The yak gores you but does no damage. The yak closely misses you.
You slash the yak! You freeze the yak.
The yak is heavily wounded.
You hit the yak. You freeze the yak.
The yak is severely wounded.
The yak gores you!
You slash the yak! You freeze the yak.
You kill the yak!
The Council accepts your kill. The yak misses you.
You barely miss the yak. The yak closely misses you. The yak misses you.
You hit the yak. You freeze the yak.
The yak is lightly wounded.
You hit the yak. You freeze the yak.
The yak is lightly wounded.
The yak gores you. The yak closely misses you.
You slash the yak! You freeze the yak.
The yak is heavily wounded.
The yak gores you. The yak gores you!
* * * LOW HITPOINT WARNING * * *
You closely miss the yak.
The yak is heavily wounded.
You slash the yak! You freeze the yak. You punch the yak.
You kill the yak!
The Council accepts your kill. The yak closely misses you.
You completely miss the yak. The yak misses you.
You closely miss the yak. You slash the yak! You freeze the yak.
The yak is heavily wounded.
The yak gores you!
* * * LOW HITPOINT WARNING * * *
You closely miss the yak.
The yak is heavily wounded.
The yak gores you!
* * * LOW HITPOINT WARNING * * *
You barely miss the yak.
The yak is moderately wounded.
The yak gores you!
You die...

# .# .# .# # .
..### ##.#
.###..... ##...
#........
#....####†#....#
.........@Y....+
..........#....#
..........# ...#
.......[..# ..#
. #####....# .#
..# #....# #
....# #....#
#...##....+
#....####


You could see a yak.

Vanquished Creatures
  Pikel (D:6)
  Grinder (D:3)
  Sigmund (D:2)
  5 yaks (D:8)
  Menkaure (Ossuary)
  Edmund (D:6)
  2 water moccasins (D:6)
  A black bear (D:4)
  2 ice beasts
  An orc warrior (D:7)
  A phantom (D:4)
  An ogre (D:4)
  A bullfrog (D:6)
  4 scorpions
  A necrophage (D:6)
  A jelly (D:5)
  2 gnoll boudas
  An orc priest (D:6)
  7 hounds
  Terence (D:2)
  Natasha (thrice) (D:2)
  2 iguanas
  3 orc wizards (D:6)
  3 mummies (Ossuary)
  17 gnolls
  6 adders
  A white imp (D:5)
  3 worms
  3 dart slugs
  28 orcs
  8 ball pythons
  3 endoplasms
  4 giant cockroaches
  6 gnoll zombies (Ossuary)
  5 goblins
  7 hobgoblins
  15 jackals
  7 quokkas
  7 bats
  5 frilled lizards
  3 gnoll skeletons (Ossuary)
  3 goblin skeletons (Ossuary)
  4 goblin zombies (Ossuary)
  8 hobgoblin skeletons (Ossuary)
  2 hobgoblin zombies (Ossuary)
  7 kobolds
  4 kobold skeletons (Ossuary)
  6 kobold zombies (Ossuary)
  5 orc skeletons (Ossuary)
  5 orc zombies (Ossuary)
  8 rats
  2 rat skeletons (Ossuary)
  2 rat zombies (Ossuary)
231 creatures vanquished.

Notes
Turn   | Place    | Note
-------+----------+-------------------------------------------
     0 | D:1      | Leeroy the Merfolk Gladiator began the quest for the Orb.
     0 | D:1      | Reached XP level 1. HP: 16/16 MP: 1/1
    77 | D:1      | Reached skill level 4 in Long Blades
   109 | D:1      | Reached XP level 2. HP: 22/22 MP: 2/2
   140 | D:1      | Found a faded altar of an unknown god.
   267 | D:1      | Reached XP level 3. HP: 27/27 MP: 3/3
   349 | D:1      | Reached skill level 5 in Long Blades
   848 | D:2      | Reached XP level 4. HP: 30/33 MP: 4/4
   889 | D:2      | Noticed Sigmund
   906 | D:2      | Killed Sigmund
   907 | D:2      | Reached skill level 7 in Long Blades
   907 | D:2      | Reached XP level 5. HP: 19/38 MP: 5/5
   990 | D:2      | Reached XP level 6. HP: 44/44 MP: 6/6
  1046 | D:2      | Noticed Terence
  1077 | D:2      | Killed Terence
  1078 | D:2      | Reached skill level 8 in Long Blades
  1456 | D:2      | Noticed Natasha
  1468 | D:2      | Killed Natasha
  1525 | D:2      | Noticed Natasha
  1530 | D:2      | Killed Natasha
  2505 | D:2      | Noticed Natasha
  2512 | D:2      | Killed Natasha
  2743 | D:3      | Got An Introduction to the Power of Words
  3038 | D:3      | Found a runed translucent gate.
  3039 | D:3      | Found a runed translucent gate.
  3040 | D:3      | Found a runed translucent gate.
  3041 | D:3      | Noticed tilp's ghost (weakling MeFi)
  3156 | D:3      | Noticed Grinder
  3170 | D:3      | Killed Grinder
  3171 | D:3      | Reached skill level 9 in Long Blades
  3171 | D:3      | Reached XP level 7. HP: 14/50 MP: 7/7
  3483 | D:4      | Reached skill level 10 in Long Blades
  3589 | D:4      | Reached skill level 11 in Long Blades
  3589 | D:4      | Reached XP level 8. HP: 43/56 MP: 8/8
  3726 | D:4      | Identified the +7 long sword "Vimocule" {freeze, Stlth+}
  3917 | D:4      | Found Jyefa's Book Emporium.
  4234 | D:5      | Entered Level 5 of the Dungeon
  4266 | D:5      | Reached skill level 12 in Long Blades
  4300 | D:5      | Found a sparkling altar of Nemelex Xobeh.
  4337 | D:5      | Found a sand-covered staircase.
  4391 | Ossuary  | Entered an ossuary
  4818 | Ossuary  | Noticed Menkaure
  4850 | Ossuary  | Killed Menkaure
  4851 | Ossuary  | Reached skill level 13 in Long Blades
  5250 | D:6      | Reached XP level 9. HP: 41/61 MP: 9/9
  5258 | D:5      | Found a staircase to the Ecumenical Temple.
  5267 | Temple   | Entered the Ecumenical Temple
  5325 | Temple   | Became a worshipper of the Wu Jian Council
  6000 | D:6      | Noticed Edmund
  6009 | D:6      | Killed Edmund
  6010 | D:6      | Reached skill level 14 in Long Blades
  6069 | D:6      | Identified the +3 quarterstaff of the Teaching Madman
                  | {spect, rF++ Str-5 Int+5}
  6089 | D:6      | Noticed Pikel
  6129 | D:6      | Killed Pikel
  6899 | D:7      | Reached * piety under Wu Jian
  7073 | D:7      | Noticed a hornet
  7088 | D:8      | Reached skill level 10 in Dodging
  7121 | D:8      | Reached XP level 10. HP: 67/67 MP: 10/10
  7145 | D:8      | HP: 2/67 [yak (14)]
  7146 | D:8      | Mangled by a yak

Illustrated notes

Levels and vault maps discovered:
D:1:      sevenhm_arrival_forest_fort_small_3, layout_rooms,
          ebering_ecumenical_altar_mist, minmay_cut_off
D:2:      layout_basic, uniq_sigmund, uniq_terence, uniq_natasha
D:3:      layout_basic, serial_rivers, chequers_serial_rivers_room_a,
          chequers_serial_rivers_micro_a, chequers_serial_rivers_room_a,
          chequers_serial_rivers_micro_e, gammafunk_ghost_nasty_kobolds,
          minmay_circle_x, uniq_grinder
D:4:      layout_loops_ring, portal_sewer_entry_b, serial_shops, shop
D:5:      layout_layer_cave, mainiacjoe_overflow_alcove_1, temple_pool_b,
          enter_ossuary_1
D:6:      layout_basic, uniq_edmund, uniq_pikel
D:7:      layout_gridville, corexii_corridor_pit, minmay_misc_feat_encased,
          minmay_chambers_of_fives
D:8:      layout_basic, nicolae_overflow_squiral, serial_shops,
          nicolae_stop_n_shop_2, nicolae_figureground_pulse, uniq_psyche
Temple:   bh_familiar_temple

Skill      XL: |  1  2  3  4  5  6  7  8  9 10 |
---------------+-------------------------------+-----
Long Blades    | 4 5 7 9 11 13 14 | 14.1
Dodging        | 10 11 | 11.8
Fighting       | |  2.1
Throwing       | |  2.0

Action                     |  1- 3 |  4- 6 |  7- 9 | 10-12 || total
---------------------------+-------+-------+-------+-------++-------
  Melee: Long sword        |   115 |   146 |   346 |    25 ||   632
         Punch             |     1 |     2 |     3 |     1 ||     7
         Tailslap          |       |       |     1 |       ||     1
Ability: Lunge             |       |       |    16 |       ||    16
    Use: Potion            |       |     1 |     1 |       ||     2
         Scroll            |       |       |     6 |       ||     6
   Stab: Sleeping          |     4 |       |    11 |       ||    15
         Distracted        |       |       |     1 |       ||     1
 Armour: Leather armour    |    43 |    31 |    58 |     1 ||   133
  Dodge: Dodged            |    79 |   104 |   167 |    10 ||   360

Table legend: (Time is in decaauts)
 A = Elapsed time spent in this place.
 B = Non-inter-level travel time spent in this place.
 C = Inter-level travel time spent in this place.
 D = Time resting spent in this place.
 E = Time spent auto-exploring this place.
 F = Levels seen in this place.
 G = Mean time per level.
                   A        B        C        D        E       F      G
               +--------+--------+--------+--------+--------+-----+--------+
         Total |   7081 |   6629 |    452 |    896 |   4322 |  10 |  708.1 |
       Dungeon |   6371 |   5953 |    418 |    749 |   3990 |   8 |  796.4 |
        Temple |    220 |    186 |     34 |      0 |    182 |   1 |  220.0 |
       Ossuary |    489 |    489 |      0 |    147 |    150 |   1 |  489.0 |
               +--------+--------+--------+--------+--------+-----+--------+

Top non-repeatable levels by time:
     D:2: 2127 daAuts
     D:6: 972 daAuts
     D:5: 912 daAuts
     D:4: 818 daAuts
     D:3: 778 daAuts
     D:1: 519 daAuts
 Ossuary: 489 daAuts
  Temple: 220 daAuts
     D:7: 187 daAuts
     D:8: 54 daAuts
